 Dungeon Crawl Stone Soup version 0.24.1 (webtiles) character file.

Game seed: 7645261327356415315, levelgen mode: deterministic

233 Descartes the Magician (level 5, -13/28 HPs)
             Began as a Deep Elf Air Elementalist on Mar 28, 2020.
             Mangled by an ogre
             ... wielding a +0 giant spiked club
              (19 damage)
             ... on level 4 of the Dungeon.
             The game lasted 00:06:45 (3443 turns).

Descartes the Magician (Deep Elf Air Elementalist)  Turns: 3443, Time: 00:06:46

Health: -13/28     AC:  2    Str:  5    XL:     5   Next: 74%
Magic:  8/13       EV: 14    Int: 21    God:
Gold:   192        SH:  0    Dex: 15    Spells: 11/12 levels left

rFire    . . .     SeeInvis .   m - +0 dagger
rCold    . . .     Gourm    .   (no shield)
rNeg     . . .     Faith    .   a - +0 robe
rPois    .         Spirit   .   (no helmet)
rElec    .         Reflect  .   (no cloak)
rCorr    .         Harm     .   (no gloves)
MR       .....                  (no boots)
Stlth    +++.......             (no amulet)
HPRegen  0.09/turn              (no ring)
MPRegen  0.13/turn              (no ring)

@: no status effects
A: no striking features
a: no special abilities


You were on level 4 of the Dungeon.
You were not hungry.

You visited 1 branch of the dungeon, and saw 4 of its levels.

You collected 192 gold pieces.

Inventory:

Hand Weapons
 m - a +0 dagger (weapon)
Missiles
 d - 19 arrows
 f - 3 boomerangs
 g - 142 stones (quivered)
 l - 6 javelins
 w - 3 throwing nets
 x - 7 poisoned darts
Armour
 a - a +0 robe (worn)
Jewellery
 n - an uncursed ring of wizardry {unknown}
Wands
 z - a wand of flame (18)
Scrolls
 b - a scroll of teleportation {unknown}
 e - 3 scrolls of enchant weapon {unknown}
 h - 6 scrolls of identify {unknown}
 i - a scroll of random uselessness {unknown}
 k - 2 scrolls of remove curse {unknown}
 r - a scroll of enchant armour {unknown}
 y - a scroll of fog {unknown}
Potions
 j - a potion of curing {unknown}
 o - a potion of flight {unknown}
 p - a potion of heal wounds {unknown}
 q - 4 potions of degeneration {unknown}
 t - a potion of invisibility {unknown}
 u - a potion of might {unknown}
 v - a potion of brilliance {unknown}
Comestibles
 c - 5 rations


   Skills:
 + Level 3.9 Dodging
 + Level 4.1 Stealth
 + Level 4.4 Spellcasting
 + Level 2.9 Conjurations
 + Level 3.9 Air Magic


You had 11 spell levels left.
You knew the following spells:

 Your Spells              Type           Power        Failure   Level  Hunger
a - Shock                 Conj/Air       ###.         2%          1    None

Your spell library contained the following spells:

 Spells                   Type           Power        Failure   Level  Hunger
 Swiftness                Chrm/Air       ##......     8%          2    #......
 Static Discharge         Conj/Air       ###.....     9%          3    ##.....
 Confusing Touch          Hex            #.....       12%         1    None
 Airstrike                Air            ###.......   22%         4    ####...
 Confuse                  Hex            #.......     34%         3    ##.....
 Gell's Gravitas          Tloc           #.........   34%         3    ##.....
 Lightning Bolt           Conj/Air       ###.......   61%         5    ######.
 Petrify                  Tmut/Erth      #.......     75%         4    ####...
 Metabolic Englaciation   Hex/Ice        #.........   97%         5    ######.
 Yara's Violent Unravell  Hex/Tmut       #.........   97%         5    ######.


Dungeon Overview and Level Annotations

Branches:
Dungeon (4/15)
 Temple: D:4-7

Altars:
Ashenzari


Message History

Aiming: Shock (safe; 2% risk of failure)
Press: ? - help, Shift-Dir - straight line, f/p - ogre
Aim: an ogre, wielding a +0 giant spiked club (moderately wounded)
The zap hits the ogre.
The ogre is moderately wounded.
The ogre hits you with a +0 giant spiked club!!
Ouch! That really hurt!
* * * LOW HITPOINT WARNING * * *
Casting: Shock (safe; 2% risk of failure)
Confirm with . or Enter, or press ? or * to list all spells.
Aiming: Shock (safe; 2% risk of failure)
Press: ? - help, Shift-Dir - straight line, f/p - ogre
Aim: an ogre, wielding a +0 giant spiked club (moderately wounded)
The zap hits the ogre.
The ogre is heavily wounded.
Unknown command.
There is a stone staircase leading up here.
The ogre hits you with a +0 giant spiked club!!
Ouch! That really hurt!
You die...

...... .....
..... #.... .
#....###### ..#
#.$.<..###...#
#.#.#...O@...#
#...?.##...###
#........####.#
..##.###.# ..#
# #.# #.# #.#
.. ... #.. ...
#.. ##..


You could see an ogre.

Vanquished Creatures
  A howler monkey (D:3)
  An orc priest (D:3)
  An orc wizard (D:3)
  3 adders
  4 gnolls (D:3)
  A worm (D:3)
  A dart slug (D:1)
  4 leopard geckos
  5 orcs
  13 goblins
  4 hobgoblins
  2 jackals (D:1)
  7 kobolds
  A quokka (D:3)
  8 bats
  A frilled lizard (D:3)
  7 rats
64 creatures vanquished.

Notes
Turn   | Place    | Note
-------+----------+-------------------------------------------
     0 | D:1      | Descartes the Deep Elf Air Elementalist began the quest for
                  | the Orb.
     0 | D:1      | Reached XP level 1. HP: 10/10 MP: 6/6
    44 | D:1      | You fall into a shaft and drop 1 floor!
   381 | D:1      | Found a shattered altar of Ashenzari.
   383 | D:1      | Reached XP level 2. HP: 15/15 MP: 5/8
  1033 | D:1      | Reached XP level 3. HP: 19/19 MP: 3/9
  2132 | D:3      | Reached XP level 4. HP: 24/24 MP: 4/11
  2533 | D:3      | Reached XP level 5. HP: 27/28 MP: 8/13
  3429 | D:4      | Noticed an ogre
  3443 | D:4      | Mangled by an ogre

Levels and vault maps discovered:
D:1:      eino_arrival_cavern_a, layout_loops_ring, evilmike_ruin_ashenzari
D:2:      layout_loops_ring
D:3:      layout_loops_cross
D:4:      layout_rooms, uniq_menkaure

Skill      XL: |  1  2  3  4  5 |
---------------+----------------+-----
Stealth        | 3 4 |  4.1
Dodging        | 3 |  3.9
Conjurations   | 2 |  2.9
Spellcasting   | 4 |  4.4
Air Magic      | |  3.9

Action                   |  1- 3 |  4- 6 || total
-------------------------+-------+-------++-------
Melee: Unarmed           |     8 |       ||     8
       Dagger            |     1 |       ||     1
 Cast: Shock             |    78 |    62 ||   140
  Eat: Chunk             |     4 |     3 ||     7
Armor: Robe              |     1 |       ||     1
Dodge: Dodged            |    23 |    10 ||    33
